 Dungeon Crawl Stone Soup version 0.31-a0-217-g58bb5d79cf (webtiles) character file.

Game seed: 5623228284525726659

540 porpoise the Sneak (level 7, -1/50 HPs)
             Began as a Merfolk Enchanter on July 2, 2023.
             Slain by a gnoll
             ... wielding a +0 halberd
              (9 damage)
             ... on level 4 of the Dungeon.
             The game lasted 00:13:07 (3498 turns).

porpoise the Sneak (Merfolk Enchanter)              Turns: 3498, Time: 00:13:08

Health: -1/50      AC:  4    Str:  9    XL:     7   Next: 26%
Magic:  1/11       EV: 12    Int: 16    God:
Gold:   156        SH:  5    Dex: 14    Spells: 7/12 levels left

rFire   + . .        a - +2 short sword (drain)
rCold   . . .        (no shield)
rNeg    . . .        f - +0 robe
rPois   .            (no helmet)
rElec   .            r - +0 cloak
rCorr   .            m - +0 pair of gloves
SInv    .            (no boots)
Will    .....        t - amulet of reflection
Stlth   +++          v - ring of protection from fire
HPRegen 0.28/turn    (no ring)
MPRegen 0.12/turn

%: reflection
@: no status effects
A: (nimble swimmer 2), mertail
a: no special abilities


You were on level 4 of the Dungeon.
You visited 1 branch of the dungeon, and saw 4 of its levels.

You collected 156 gold pieces.

Inventory:

Hand Weapons
 a - a +2 short sword of draining (weapon)
 b - a +1 dagger
Missiles
 l - 7 poisoned darts (quivered)
Armour
 f - a +0 robe (worn)
 m - a +0 pair of gloves (worn)
 p - the +0 leather armour "Hexich" {Harm Drain Dex+6}
   (You found it on level 2 of the Dungeon)

   Dex:       It affects your dexterity (+6).
   Drain:     It drains your maximum health when unequipped.
   Harm:      It increases damage dealt and taken.
 r - a +0 cloak (worn)
 w - a +0 buckler
Jewellery
 t - an amulet of reflection (around neck)
 v - a ring of protection from fire (left hand)
Scrolls
 d - a scroll of enchant armour {unknown}
 e - a scroll of fear
 g - a scroll of silence {unknown}
 h - 3 scrolls of identify {unknown}
 i - a scroll of poison {unknown}
 o - a scroll of teleportation {unknown}
 s - a scroll of fog {unknown}
 x - a scroll of immolation {unknown}
Potions
 c - 2 potions of invisibility
 j - a potion of curing {unknown}
 k - a potion of mutation {unknown}
 n - a potion of attraction {unknown}
 q - a potion of berserk rage {unknown}
 u - a potion of heal wounds {unknown}


   Skills:
 - Level 2.0 Fighting
 - Level 1.2 Short Blades
 - Level 2.6 Dodging
 + Level 5.6 Stealth
 - Level 3.0 Spellcasting
 * Level 4.0 Hexes
 - Level 5.0 Ice Magic


You had 7 spell levels left.
You knew the following spells:

 Your Spells              Type           Power      Damage    Failure   Level
a - Confusing Touch       Hex            15%        N/A       11%         3
e - Ensorcelled Hibernat  Hex/Ice        32%        N/A       4%          2

Your spell library contained the following spells:

 Spells                   Type           Power      Damage    Failure   Level
 Slow                     Hex            60%        N/A       3%          1
 Tukima's Dance           Hex            15%        N/A       11%         3
 Sandblast                Erth           4%         2d4       19%         1
 Dazzling Flash           Conj/Hex       16%        N/A       24%         3
 Blink                    Tloc           4%         N/A       28%         2
 Lesser Beckoning         Tloc           4%         N/A       28%         2
 Momentum Strike          Conj/Tloc      4%         3d8       28%         2
 Passwall                 Tmut/Erth      1%         N/A       28%         2
 Stone Arrow              Conj/Erth      4%         3d7       50%         3
 Vampiric Draining        Necr           2%         2d6       50%         3


Dungeon Overview and Level Annotations

Branches:
Dungeon (4/15)             Temple (0/1) D:4

Altars:
Vehumet
Xom
The Shining One


Innate Abilities, Weirdness & Mutations

((You are very nimble when in or above water. (Stealth+, EV+, Speed+++)))
Your lower body shifts to a powerful aquatic tail in water.


Message History

Confirm with . or Enter, or press ? or * to list all spells.
Okay, then.
Casting: Confusing Touch (dangerous; 11% risk of failure)
Confirm with . or Enter, or press ? or * to list all spells.
Aiming: Ensorcelled Hibernation (safe; 4% risk of failure)
Press: ? - help, Shift-Dir - straight line, f - dart slug
Aim: a dart slug (heavily wounded, chance to affect: 67%)
The dart slug looks drowsy...
The gnoll hits you from afar with a +0 halberd.
You are too injured to fight recklessly!
The helpless dart slug fails to defend itself.
You puncture the dart slug!
You kill the dart slug!
You block the gnoll's attack. The gnoll barely misses you.
You see here a dart slug corpse.
Casting: Ensorcelled Hibernation (safe; 4% risk of failure)
Confirm with . or Enter, or press ? or * to list all spells.
You don't have enough magic to cast this spell.
Unknown command.
Casting: Ensorcelled Hibernation (safe; 4% risk of failure)
Confirm with . or Enter, or press ? or * to list all spells.
You don't have enough magic to cast this spell.
You closely miss the gnoll. The gnoll closely misses you.
Unknown command.
You barely miss the gnoll. You barely miss the gnoll.
The gnoll barely misses you.
You completely miss the gnoll. The gnoll hits you with a +0 halberd.
You hit the gnoll. You drain the gnoll.
The gnoll is heavily wounded.
The gnoll hits you with a +0 halberd!
* * * LOW HITPOINT WARNING * * *
You hit the gnoll.
The gnoll is severely wounded.
The gnoll hits you with a +0 halberd.
* * * LOW HITPOINT WARNING * * *
You hit the gnoll.
The gnoll is almost dead.
The gnoll hits you with a +0 halberd!
You die...

.# #......##........ .#
#......##........ .#
#......##......##
.###########)..........#
.'...........†.......#.w
.#......###......†##.#
.#......# #.......## ..
######### #......g.# .
#....)@#.# #.....##g#
#####.# .. #.......# #..
#.###...# ... #.... ###.
..# ##.##. .. #.# ....
.. #.. ..... ..


You could see a gnoll (very drained).

Vanquished Creatures
  An ogre (D:3)
  An ice beast (D:4)
  3 hounds (D:4)
  Crazy Yiuf (D:2)
  Jessica (D:2)
  2 iguanas (D:4)
  5 gnolls
  An ufetubus (D:4)
  5 worms
  2 dart slugs
  12 orcs
  11 ball pythons
  4 endoplasms
  A giant cockroach (D:4)
  11 goblins
  6 hobgoblins
  6 jackals (D:3)
  6 kobolds
  A quokka (D:4)
  3 bats
  3 frilled lizards
  5 rats
91 creatures vanquished.

Vanquished Creatures (others)
  An orc (D:4)
1 creature vanquished.

Grand Total: 92 creatures vanquished

Notes
Turn   | Place    | Note
-------+----------+-------------------------------------------
     0 | D:1      | porpoise the Merfolk Enchanter began the quest for the Orb.
     0 | D:1      | Reached XP level 1. HP: 13/13 MP: 3/3
   226 | D:1      | Reached XP level 2. HP: 6/18 MP: 5/5
   633 | D:1      | Found a faded altar of an unknown god.
   656 | D:1      | Reached XP level 3. HP: 24/24 MP: 6/6
   761 | D:1      | Learned a level 2 spell: Ensorcelled Hibernation
   765 | D:1      | Learned a level 3 spell: Confusing Touch
  1349 | D:2      | Noticed Jessica
  1356 | D:2      | Killed Jessica
  1357 | D:2      | Reached skill level 1 in Ice Magic
  1357 | D:2      | Reached XP level 4. HP: 29/30 MP: 7/7
  1480 | D:2      | Identified the +0 leather armour "Hexich" {Harm Drain
                  | Dex+6}
  1893 | D:2      | Found a runed translucent door.
  1894 | D:2      | Noticed Crazy Yiuf
  1901 | D:2      | Killed Crazy Yiuf
  2148 | D:3      | Reached XP level 5. HP: 34/35 MP: 9/9
  2306 | D:3      | Found a glowing golden altar of the Shining One.
  2528 | D:3      | Noticed an ogre
  2538 | D:3      | Killed an ogre
  2539 | D:3      | Reached skill level 1 in Fighting
  2539 | D:3      | Reached XP level 6. HP: 25/43 MP: 2/10
  2628 | D:3      | Reached skill level 5 in Stealth
  2654 | D:3      | Found a shimmering altar of Xom.
  2654 | D:3      | Found a shimmering altar of Xom.
  2791 | D:3      | Upgraded the game from 0.31-a0-214-gb37851dbb3 to
                  | 0.31-a0-217-g58bb5d79cf
  2992 | D:4      | Found a staircase to the Ecumenical Temple.
  3450 | D:4      | Noticed an ice beast
  3451 | D:4      | Found a radiant altar of Vehumet.
  3464 | D:4      | Killed an ice beast
  3465 | D:4      | Reached XP level 7. HP: 50/50 MP: 8/11
  3489 | D:4      | Reached skill level 5 in Ice Magic
  3498 | D:4      | Slain by a gnoll

Illustrated notes

Levels and vault maps discovered:
D:1:      heliophobic_arrival_dark_side_of_the_moon, layout_loops_ring,
          chequers_ecumenical_altar_grove
D:2:      cheibrodos_greedy_goblins, layout_basic, serial_bayou_ford_a,
          hex_intersection, uniq_jessica, uniq_crazy_yiuf_cottage
D:3:      layout_basic, xom_redecorated, tso_altar, minmay_splitting_lines
D:4:      layout_basic, mainiacjoe_overflow_small_starburst,
          fiery_altar_vehumet, overflow_temple_1_default,
          minmay_temple_entry_large_hall, minmay_vboxes

Skill      XL: |  1  2  3  4  5  6  7 |
---------------+----------------------+-----
Stealth        | 4 5 |  5.6
Ice Magic      | 1 2 3 4 5 |  5.0
Spellcasting   | 3 |  3.0
Fighting       | 1 2 |  2.0
Hexes          | 4 |  4.0
Short Blades   | |  1.2
Dodging        | |  2.6

Action                     |  1- 3 |  4- 6 |  7- 9 || total
---------------------------+-------+-------+-------++-------
  Melee: Dagger            |    11 |       |       ||    11
         Short sword       |    43 |   181 |    18 ||   242
         Punch             |       |     1 |       ||     1
  Throw: Dart              |       |     2 |       ||     2
   Cast: Ensorcelled Hiber |       |    23 |     4 ||    27
         Confusing Touch   |       |     2 |     1 ||     3
    Use: Scroll            |       |     1 |       ||     1
         Potion            |       |     1 |       ||     1
   Stab: Sleeping          |     7 |    18 |     4 ||    29
         Invisible         |       |     1 |       ||     1
         Confused          |       |     1 |       ||     1
 Armour: Robe              |     7 |    18 |     1 ||    26
  Dodge: Dodged            |    25 |    84 |    12 ||   121
  Block: Other             |       |    22 |     4 ||    26
         Reflection        |       |       |     1 ||     1

Table legend: (Time is in decaauts)
 A = Elapsed time spent in this place.
 B = Non-inter-level travel time spent in this place.
 C = Inter-level travel time spent in this place.
 D = Time resting spent in this place.
 E = Time spent auto-exploring this place.
 F = Levels seen in this place.
 G = Mean time per level.
                   A        B        C        D        E       F      G
               +--------+--------+--------+--------+--------+-----+--------+
         Total |   3473 |   3281 |    192 |    843 |   1715 |   4 |  868.2 |
       Dungeon |   3473 |   3281 |    192 |    843 |   1715 |   4 |  868.2 |
               +--------+--------+--------+--------+--------+-----+--------+

Top non-repeatable levels by time:
     D:2: 1060 daAuts
     D:1: 1021 daAuts
     D:3: 995 daAuts
     D:4: 396 daAuts
